 Dungeon Crawl Stone Soup version 0.25-a0-589-g1e14c549ee (webtiles) character file.

Game seed: 9389973974856547797, levelgen mode: deterministic

672 MisterFreud the Shield-Bearer (level 7, -3/90 HPs)
             Began as a Gnoll Fighter on Mar 10, 2020.
             Killed by divine providence
             ... invoked by an orc priest
              (14 damage)
             ... on level 4 of the Dungeon.
             The game lasted 00:05:07 (2988 turns).

MisterFreud the Shield-Bearer (Gnoll Fighter)       Turns: 2988, Time: 00:05:08

Health: -3/90      AC: 23    Str: 18    XL:     7   Next: 59%
Magic:  10/10      EV:  2    Int: 13    God:
Gold:   91         SH: 10    Dex: 14    Spells: 11/11 levels left

rFire    . . .     SeeInvis .   a - +0 rapier
rCold    . . .     Gourm    .   c - +0 kite shield
rNeg     + + +     Faith    .   (armour currently unavailable)
rPois    +         Spirit   .   (helmet currently unavailable)
rElec    .         Reflect  .   (cloak currently unavailable)
rCorr    .         Harm     .   (gloves currently unavailable)
MR       .....     NoTele   +   (boots currently unavailable)
Stlth    ++........             p - amulet of the acrobat
HPRegen  0.25/turn              (no ring)
MPRegen  0.12/turn              (no ring)

@: tree-form, slowed, very slow
A: distributed training, strong nose
a: no special abilities


You were on level 4 of the Dungeon.
You were hungry.
You were a tree.
You visited 1 branch of the dungeon, and saw 4 of its levels.

You collected 91 gold pieces.

Inventory:

Hand Weapons
 a - a +0 rapier (weapon)
Missiles
 g - 65 bolts
 l - 112 stones (quivered)
 m - 43 arrows
Armour
 b - a +0 scale mail (melded)
 c - a +0 kite shield (worn)
 v - a +1 hat (melded)
Jewellery
 p - an amulet of the acrobat (around neck)
Scrolls
 d - a scroll of remove curse
 e - 2 scrolls of teleportation {unknown}
 h - a scroll of magic mapping
 j - 4 scrolls of blinking
 k - a scroll of enchant weapon {unknown}
 q - a scroll of random uselessness {unknown}
 r - a scroll of fear {unknown}
 u - a scroll of identify
Potions
 i - a potion of lignification
 n - 2 potions of curing
 o - a potion of stabbing
 t - 2 potions of flight
 w - a potion of degeneration {unknown}
Comestibles
 f - 9 rations


   Skills:
 + Level 7.0 Fighting
 + Level 5.2 Short Blades
 + Level 2.5 Long Blades
 + Level 2.5 Axes
 + Level 2.5 Maces & Flails
 + Level 2.5 Polearms
 + Level 2.5 Staves
 + Level 2.5 Slings
 + Level 2.5 Bows
 + Level 2.5 Crossbows
 + Level 2.5 Throwing
 + Level 7.0 Armour
 + Level 2.5 Dodging
 + Level 2.5 Stealth
 + Level 7.0 Shields
 + Level 2.5 Unarmed Combat
 + Level 2.5 Spellcasting
 + Level 2.0 Conjurations
 + Level 2.0 Hexes
 + Level 2.0 Charms
 + Level 2.0 Summonings
 + Level 2.0 Necromancy
 + Level 2.0 Translocations
 + Level 2.0 Transmutations
 + Level 2.0 Fire Magic
 + Level 2.0 Ice Magic
 + Level 2.0 Air Magic
 + Level 2.0 Earth Magic
 + Level 2.0 Poison Magic
 + Level 2.8 Invocations
 + Level 2.5 Evocations


You had 11 spell levels left.
You didn't know any spells.
Your spell library contained the following spells:

 Spells                   Type           Power        Failure   Level  Hunger
 Confusing Touch          Hex            #.......     65%         3    ###....
 Gell's Gravitas          Tloc           #.........   65%         3    ###....
 Petrify                  Tmut/Erth      #.......     96%         4    #####..
 Metabolic Englaciation   Hex/Ice        #.........   100%        5    ######.
 Yara's Violent Unravell  Hex/Tmut       #.........   100%        5    ######.


Dungeon Overview and Level Annotations

Branches:
Dungeon (4/15)
 Temple: D:4-7

Altars:


Innate Abilities, Weirdness & Mutations

Your experience applies equally to all skills.
((You have very sharp teeth.))
Your uncanny sense of smell can sniff out nearby items.


Message History

Unknown command.
You barely miss the orc priest.
The orc priest is heavily wounded.
The orc hits you but does no damage.
The orc priest hits you but does no damage.
You hit the orc priest but do no damage.
The orc priest is heavily wounded.
The orc hits you but does no damage. You block the orc priest's attack.
The orc hits you but does no damage.
You closely miss the orc priest.
The orc priest is heavily wounded.
The orc wizard casts a spell.
The orc wizard blinks!
The orc priest hits you but does no damage.
The orc hits you but does no damage.
You hit the orc priest.
The orc priest is almost dead.
The orc priest calls down the wrath of Beogh upon you.
Beogh smites you!
You die...

#.....# #.....#
.##.....#
........#
........'
........#
.......§# ∆ #o#
#♣#######
#o......#
+.......#
∆#.......#
#....?.[# ##
#.......##..
######...........
.................
.................


You could see an orc priest and an orc.

Vanquished Creatures
  Grinder (D:3)
  Sigmund (D:3)
  A scorpion (D:4)
  A crimson imp (D:4)
  A hound (D:4)
  An orc priest (D:3)
  An iguana (D:3)
  5 adders
  An ooze (D:3)
  3 worms
  6 dart slugs
  3 leopard geckos
  9 orcs
  4 giant cockroaches
  9 goblins
  9 hobgoblins
  6 jackals
  2 ball pythons (D:3)
  8 bats
  4 frilled lizards
  3 kobolds
  2 rats
81 creatures vanquished.

Notes
Turn   | Place    | Note
-------+----------+-------------------------------------------
     0 | D:1      | MisterFreud the Gnoll Fighter began the quest for the Orb.
     0 | D:1      | Reached XP level 1. HP: 23/23 MP: 1/1
    31 | D:1      | Reached XP level 2. HP: 29/29 MP: 2/2
   215 | D:1      | Reached XP level 3. HP: 35/35 MP: 3/3
   661 | D:2      | Reached skill level 1 in Invocations
   730 | D:2      | Reached skill level 1 in Long Blades
   730 | D:2      | Reached skill level 1 in Axes
   730 | D:2      | Reached skill level 1 in Maces & Flails
   730 | D:2      | Reached skill level 1 in Polearms
   730 | D:2      | Reached skill level 1 in Staves
   730 | D:2      | Reached skill level 1 in Slings
   730 | D:2      | Reached skill level 1 in Bows
   730 | D:2      | Reached skill level 1 in Crossbows
   730 | D:2      | Reached skill level 1 in Throwing
   730 | D:2      | Reached skill level 1 in Dodging
   730 | D:2      | Reached skill level 1 in Stealth
   730 | D:2      | Reached skill level 1 in Unarmed Combat
   730 | D:2      | Reached skill level 1 in Spellcasting
   730 | D:2      | Reached skill level 1 in Evocations
  1038 | D:2      | Reached XP level 4. HP: 37/41 MP: 5/5
  1064 | D:2      | Found a faded altar of an unknown god.
  1082 | D:2      | You fall into a shaft and drop 1 floor!
  1252 | D:3      | Noticed Sigmund
  1273 | D:3      | Killed Sigmund
  1273 | D:3      | Reached skill level 1 in Conjurations
  1273 | D:3      | Reached skill level 1 in Hexes
  1273 | D:3      | Reached skill level 1 in Charms
  1273 | D:3      | Reached skill level 1 in Summonings
  1273 | D:3      | Reached skill level 1 in Necromancy
  1273 | D:3      | Reached skill level 1 in Translocations
  1273 | D:3      | Reached skill level 1 in Transmutations
  1273 | D:3      | Reached skill level 1 in Fire Magic
  1273 | D:3      | Reached skill level 1 in Ice Magic
  1273 | D:3      | Reached skill level 1 in Air Magic
  1273 | D:3      | Reached skill level 1 in Earth Magic
  1273 | D:3      | Reached skill level 1 in Poison Magic
  1273 | D:3      | Reached XP level 5. HP: 41/47 MP: 5/7
  1273 | D:3      | Reached XP level 6. HP: 46/53 MP: 5/8
  2067 | D:3      | Noticed Grinder
  2079 | D:3      | Paralysed by Grinder for 2 turns
  2099 | D:3      | Killed Grinder
  2099 | D:3      | Reached skill level 5 in Short Blades
  2099 | D:3      | Reached XP level 7. HP: 16/59 MP: 8/10
  2988 | D:4      | Killed from afar by an orc priest

Levels and vault maps discovered:
D:1:      mrwooster_arrival_statue, layout_loops_cross
D:2:      layout_loops_corners, chequers_ecumenical_altar_simple,
          grunt_ministairs_11
D:3:      layout_loops_ring, first_ration, serial_park_tiny_2, uniq_sigmund,
          uniq_grinder
D:4:      layout_gridville, serial_shops,
          nicolae_shop_temple_entry_statues_fountains

Skill      XL: |  1  2  3  4  5  6  7 |
---------------+----------------------+-----
Invocations    | 1 2 |  2.8
Long Blades    | 1 2 |  2.5
Axes           | 1 2 |  2.5
Maces & Flails | 1 2 |  2.5
Polearms       | 1 2 |  2.5
Staves         | 1 2 |  2.5
Slings         | 1 2 |  2.5
Bows           | 1 2 |  2.5
Crossbows      | 1 2 |  2.5
Throwing       | 1 2 |  2.5
Dodging        | 1 2 |  2.5
Stealth        | 1 2 |  2.5
Unarmed Combat | 1 2 |  2.5
Spellcasting   | 1 2 |  2.5
Evocations     | 1 2 |  2.5
Conjurations   | 1 2 |  2.0
Hexes          | 1 2 |  2.0
Charms         | 1 2 |  2.0
Summonings     | 1 2 |  2.0
Necromancy     | 1 2 |  2.0
Translocations | 1 2 |  2.0
Transmutations | 1 2 |  2.0
Fire Magic     | 1 2 |  2.0
Ice Magic      | 1 2 |  2.0
Air Magic      | 1 2 |  2.0
Earth Magic    | 1 2 |  2.0
Poison Magic   | 1 2 |  2.0
Short Blades   | 5 |  5.2
Fighting       | 7 |  7.0
Armour         | 7 |  7.0
Shields        | 7 |  7.0

Action                   |  1- 3 |  4- 6 |  7- 9 || total
-------------------------+-------+-------+-------++-------
Melee: Rapier            |    98 |    86 |   120 ||   304
       Bite              |    10 |    13 |    15 ||    38
  Use: Potion            |       |     1 |     2 ||     3
       Scroll            |       |     4 |     4 ||     8
  Eat: Chunk             |       |     4 |     2 ||     6
Armor: Scale mail        |    39 |    13 |    25 ||    77
       Skin              |       |       |    27 ||    27
Dodge: Dodged            |    29 |    29 |    51 ||   109
Block: Kite shield       |    48 |    35 |    63 ||   146

Table legend:
 A = Non-vault XP
 B = Vault XP
 C = Vault XP percentage of total XP
 D = Non-vault monster count
 E = Vault monster count
 F = Vault count percentage of total count
                 A         B        C        D         E       F
            +---------+---------+-------+---------+---------+-------
      Total |     461 |     500 |  52.0 |      74 |       7 |   8.6
            +---------+---------+-------+---------+---------+-------
        D:1 |      55 |       0 |   0.0 |      28 |       0 |   0.0
        D:2 |      66 |      10 |  13.2 |      15 |       5 |  25.0
        D:3 |     162 |     490 |  75.2 |      23 |       2 |   8.0
        D:4 |     178 |       0 |   0.0 |       8 |       0 |   0.0
            +---------+---------+-------+---------+---------+-------
